LMB
VERACRUZ ROJOS DEL AGUILA @ QUINTANA ROO TIGRES
09/06/2007
 
TOP OF THE 1ST
Veracruz Rojos del Aguila batting - Pitching for Quintana Roo Tigres : RHP Luis Garza
Pitching: RHP Luis Garza
Batting: LHB Kellen Walter 0-0: Ball
1-0: Ball
2-0: Foul Ball, location: 2F
2-1: Called Strike
2-2: Strikes out swinging
Batting: RHB Jeff Lyons 0-0: Swinging Strike
0-1: Swinging Strike
0-2: Strikes out looking
Batting: RHB Juan Ventura 0-0: Foul Ball, location: 2F
0-1: Ball
1-1: Called Strike
1-2: Foul Ball, location: 2F
1-2: Ball
2-2: Foul Ball, location: 2F
2-2: Foul Ball, location: 2F
2-2: Ball
3-2: Foul Ball, location: 2F
3-2: Foul Ball, location: 2F
3-2: Fly out, F8 (Flyball, 8LS)
Top of the 1st over - 0 runs, 0 hits, 0 errors, 0 left on base; Veracruz 0 - Quintana Roo 0
BOTTOM OF THE 1ST
Quintana Roo Tigres batting - Pitching for Veracruz Rojos del Aguila : RHP Bobby Charest
Pitching: RHP Bobby Charest
Batting: LHB Humberto Laureano 0-0: Called Strike
0-1: Ground out 5-3 (Groundball, 56)
Batting: RHB Luis Morales 0-0: Ball
1-0: Ball
2-0: Ball
3-0: Base on Balls
Batting: SHB Luis Serrano 0-0: Ball
1-0: Foul Ball, location: 2F
1-1: Called Strike
1-2: Ball
2-2: Ball
3-2: Base on Balls
Luis Morales to second
Batting: RHB Josh Negrete 0-0: Ball
1-0: Grounds into double play, 6-4-3 (Groundball, 6)
Bottom of the 1st over - 0 runs, 0 hits, 0 errors, 1 left on base; Veracruz 0 - Quintana Roo 0
TOP OF THE 2ND
Veracruz Rojos del Aguila batting - Pitching for Quintana Roo Tigres : RHP Luis Garza
Batting: LHB Bobby Kingwood 0-0: Swinging Strike
0-1: Foul Ball, location: 2F
0-2: SOLO HOME RUN (Flyball, 7D), Distance : 375 ft
Batting: LHB Mike Barber 0-0: Foul Ball, location: 2F
0-1: Ball
1-1: Foul Ball, location: 2F
1-2: Ball
2-2: Ball
3-2: SINGLE (Line Drive, 8RS)
Batting: RHB Mike Stewart 0-0: Ball
1-0: Called Strike
1-1: Swinging Strike
1-2: SINGLE (Groundball, 56D)
Mike Barber to second
Batting: RHB Juan Morales 0-0: Foul Ball, location: 2F
0-1: SINGLE (Line Drive, 8LS)
Mike Barber to third
Mike Stewart to second
Batting: RHB Bob Arsenault 0-0: Foul Ball, location: 2F
0-1: Foul Ball, location: 2F
0-2: Strikes out swinging
Batting: RHB Juan Magallanes 0-0: Called Strike
0-1: Foul Ball, location: 2F
0-2: SINGLE (Groundball, 5D)
Mike Barber scores
Mike Stewart to third
Juan Morales to second
Runner from 3rd tries for Home, SAFE, throw by LF to home
Batting: LHB Kellen Walter 0-0: Ball
1-0: Ball
2-0: Foul Ball, location: 2F
2-1: Foul Ball, location: 2F
2-2: Fly out, F8 (Line Drive, 8LM)
Batting: RHB Jeff Lyons 0-0: Swinging Strike
0-1: Foul Ball, location: 2F
0-2: Strikes out swinging
Top of the 2nd over - 3 runs, 5 hits, 0 errors, 2 left on base; Veracruz 3 - Quintana Roo 0
BOTTOM OF THE 2ND
Quintana Roo Tigres batting - Pitching for Veracruz Rojos del Aguila : RHP Bobby Charest
Batting: LHB Eric Forrest 0-0: Ball
1-0: Ball
2-0: Ball
3-0: Called Strike
3-1: DOUBLE (Groundball, 3L)
Batting: LHB Cletus Goyette 0-0: Called Strike
0-1: Ball
1-1: Ground out U3 (Groundball, 3)
Eric Forrest to third
Batting: RHB Donte Kolawole 0-0: Ball
1-0: SINGLE (Line Drive, 78S)
Eric Forrest scores
Batting: LHB Danny Helfrich 0-0: Called Strike
0-1: Grounds into double play, 4-6-3 (Groundball, 4)
Bottom of the 2nd over - 1 run, 2 hits, 0 errors, 0 left on base; Veracruz 3 - Quintana Roo 1
TOP OF THE 3RD
Veracruz Rojos del Aguila batting - Pitching for Quintana Roo Tigres : RHP Luis Garza
Batting: RHB Juan Ventura 0-0: Called Strike
0-1: Called Strike
0-2: SINGLE (Groundball, 6MD)
Batting: LHB Bobby Kingwood 0-0: Called Strike
0-1: Ball
1-1: Swinging Strike
1-2: Foul Ball, location: 2F
1-2: Ball
2-2: Foul Ball, location: 2F
2-2: Strikes out swinging
Batting: LHB Mike Barber 0-0: Called Strike
0-1: Called Strike
0-2: Strikes out swinging
Batting: RHB Mike Stewart 0-0: Ball
1-0: Swinging Strike
1-1: Ball
2-1: Fly out, F7 (Flyball, 7D)
Top of the 3rd over - 0 runs, 1 hit, 0 errors, 1 left on base; Veracruz 3 - Quintana Roo 1
BOTTOM OF THE 3RD
Quintana Roo Tigres batting - Pitching for Veracruz Rojos del Aguila : RHP Bobby Charest
Batting: RHB Juan Cortina 0-0: Called Strike
0-1: Called Strike
0-2: Fly out, F8 (Flyball, 8RM)
Batting: LHB Humberto Laureano 0-0: Called Strike
0-1: Ball
1-1: Foul Ball, location: 2F
1-2: Ball
2-2: Foul Ball, location: 2F
2-2: Ball
3-2: Strikes out swinging
Batting: RHB Luis Morales 0-0: Ball
1-0: Called Strike
1-1: Foul Ball, location: 2F
1-2: Strikes out swinging
Bottom of the 3rd over - 0 runs, 0 hits, 0 errors, 0 left on base; Veracruz 3 - Quintana Roo 1
TOP OF THE 4TH
Veracruz Rojos del Aguila batting - Pitching for Quintana Roo Tigres : RHP Luis Garza
Batting: RHB Juan Morales 0-0: Ball
1-0: Foul Ball, location: 2F
1-1: Ball
2-1: Foul Ball, location: 2F
2-2: Fly out, F4 (Popup, 4)
Batting: RHB Bob Arsenault 0-0: Called Strike
0-1: Called Strike
0-2: Ball
1-2: Foul Ball, location: 2F
1-2: Ground out 5-3 (Groundball, 56)
Batting: RHB Juan Magallanes 0-0: Called Strike
0-1: Ball
1-1: Foul Ball, location: 2F
1-2: Ball
2-2: SINGLE (Flyball, 89S)
Batting: LHB Kellen Walter 0-0: Called Strike
0-1: Foul Ball, location: 2F
0-2: Ball
1-2: Foul Ball, location: 2F
1-2: Ball
2-2: Fielders Choice at 2nd, 5-4 (Groundball, 56)
Top of the 4th over - 0 runs, 1 hit, 0 errors, 1 left on base; Veracruz 3 - Quintana Roo 1
BOTTOM OF THE 4TH
Quintana Roo Tigres batting - Pitching for Veracruz Rojos del Aguila : RHP Bobby Charest
Batting: SHB Luis Serrano 0-0: Ball
1-0: Foul Ball, location: 2F
1-1: Swinging Strike
1-2: Foul Ball, location: 2F
1-2: Ground out U3 (Groundball, 3)
Batting: RHB Josh Negrete 0-0: Ball
1-0: Foul Ball, location: 2F
1-1: Called Strike
1-2: Ball
2-2: Ball
3-2: Foul Ball, location: 2F
3-2: Base on Balls
Batting: LHB Eric Forrest 0-0: Called Strike
0-1: Ball
1-1: Called Strike
1-2: Strikes out swinging
Batting: LHB Cletus Goyette 0-0: Foul Ball, location: 2F
0-1: Ball
1-1: Ball
2-1: Fly out, F7 (Flyball, 7D)
Bottom of the 4th over - 0 runs, 0 hits, 0 errors, 1 left on base; Veracruz 3 - Quintana Roo 1
TOP OF THE 5TH
Veracruz Rojos del Aguila batting - Pitching for Quintana Roo Tigres : RHP Luis Garza
Pitching: RHP Mike Dalton
Batting: RHB Jeff Lyons 0-0: Ball
1-0: Ball
2-0: Foul Ball, location: 2F
2-1: Foul Ball, location: 2F
2-2: Ball
3-2: Foul Ball, location: 2F
3-2: Strikes out swinging
Batting: RHB Juan Ventura 0-0: Ball
1-0: Fly out, F8 (Flyball, 78M)
Batting: LHB Bobby Kingwood 0-0: Foul Ball, location: 2F
0-1: SINGLE (Groundball, 34D)
Batting: LHB Mike Barber Pickoff Throw to First - Out! 1-3
Top of the 5th over - 0 runs, 1 hit, 0 errors, 0 left on base; Veracruz 3 - Quintana Roo 1
BOTTOM OF THE 5TH
Quintana Roo Tigres batting - Pitching for Veracruz Rojos del Aguila : RHP Bobby Charest
Batting: RHB Donte Kolawole 0-0: Ball
1-0: Foul Ball, location: 2F
1-1: Fly out, F3 (Popup, 34)
Batting: LHB Danny Helfrich 0-0: Ball
1-0: Fly out, F7 (Flyball, 78M)
Batting: RHB Juan Cortina 0-0: Called Strike
0-1: Swinging Strike
0-2: Ball
1-2: Strikes out swinging
Bottom of the 5th over - 0 runs, 0 hits, 0 errors, 0 left on base; Veracruz 3 - Quintana Roo 1
TOP OF THE 6TH
Veracruz Rojos del Aguila batting - Pitching for Quintana Roo Tigres : RHP Mike Dalton
Batting: LHB Mike Barber 0-0: Called Strike
0-1: DOUBLE (Line Drive, 89D)
Batting: RHB Mike Stewart 0-0: Intentional Walk
Batting: RHB Juan Morales 0-0: Called Strike
0-1: Ball
1-1: Swinging Strike
1-2: Strikes out swinging
Batting: RHB Bob Arsenault 0-0: Ball
1-0: Called Strike
1-1: Foul Ball, location: 2F
1-2: Ball
2-2: Foul Ball, location: 2F
2-2: Grounds into double play, 6-4-3 (Groundball, 6)
Top of the 6th over - 0 runs, 1 hit, 0 errors, 1 left on base; Veracruz 3 - Quintana Roo 1
BOTTOM OF THE 6TH
Quintana Roo Tigres batting - Pitching for Veracruz Rojos del Aguila : RHP Bobby Charest
Pitching: LHP Dusty Porter
Batting: LHB Humberto Laureano 0-0: Ball
1-0: Ball
2-0: Ball
3-0: Base on Balls
Batting: RHB Luis Morales 0-0: Swinging Strike
0-1: Ball
1-1: Ball
2-1: Ball
3-1: Foul Ball, location: 2F
3-2: Base on Balls
Humberto Laureano to second
Batting: SHB Luis Serrano 0-0: Foul Ball, location: 2F
0-1: Ball
1-1: Foul Ball, location: 2F
1-2: Foul Ball, location: 2F
1-2: SINGLE (Line Drive, 78S)
Humberto Laureano to third
Luis Morales to second
Runner from 3rd tries for Home, SAFE, no throw by CF
Pitching: RHP Juan Mota
Batting: RHB Josh Negrete 0-0: Ball
1-0: Ball
2-0: Ball
3-0: Called Strike
3-1: Foul Ball, location: 2F
3-2: Base on Balls
Luis Morales to third
Luis Serrano to second
Batting: LHB Eric Forrest 0-0: Ball
1-0: Fly out, F6 (Popup, 6)
Batting: LHB Cletus Goyette 0-0: Ball
1-0: Foul Ball, location: 2F
1-1: Fly out, F6 (Popup, 6S)
Batting: RHB Donte Kolawole 0-0: Ball
1-0: Foul Ball, location: 2F
1-1: Ground out 5-3 (Groundball, 56S)
Bottom of the 6th over - 1 run, 1 hit, 0 errors, 3 left on base; Veracruz 3 - Quintana Roo 2
TOP OF THE 7TH
Veracruz Rojos del Aguila batting - Pitching for Quintana Roo Tigres : RHP Mike Dalton
Batting: RHB Juan Magallanes 0-0: SINGLE (Line Drive, 89S)
Batting: LHB Kellen Walter 0-0: Swinging Strike
0-1: Called Strike
0-2: Strikes out swinging
Batting: RHB Jeff Lyons 0-0: Foul Ball, location: 2F
0-1: Foul Ball, location: 2F
0-2: Ball
1-2: SINGLE (Line Drive, 34D)
Juan Magallanes to second
Batting: RHB Juan Ventura 0-0: Ball
1-0: Called Strike
1-1: Swinging Strike
1-2: Ball
2-2: Foul Ball, location: 2F
2-2: Foul Ball, location: 2F
2-2: Strikes out swinging
Batting: LHB Bobby Kingwood 0-0: Called Strike
0-1: Ball
1-1: Ball
2-1: Swinging Strike
2-2: Ball
3-2: Base on Balls
Juan Magallanes to third
Jeff Lyons to second
Batting: LHB Mike Barber 0-0: Ball
1-0: Foul Ball, location: 2F
1-1: Called Strike
1-2: Strikes out swinging
Top of the 7th over - 0 runs, 2 hits, 0 errors, 3 left on base; Veracruz 3 - Quintana Roo 2
BOTTOM OF THE 7TH
Quintana Roo Tigres batting - Pitching for Veracruz Rojos del Aguila : RHP Juan Mota
Batting: LHB Danny Helfrich 0-0: Ball
1-0: Called Strike
1-1: SINGLE (Groundball, 34D)
Batting: RHB Juan Cortina 0-0: Swinging Strike
0-1: Foul Ball, location: 2F
0-2: Foul Ball, location: 2F
0-2: Ball
1-2: DOUBLE (Groundball, 3L)
Danny Helfrich to third
Batting: LHB Humberto Laureano 0-0: SINGLE (Groundball, 3D)
Danny Helfrich scores
Juan Cortina to third
Runner from 3rd tries for Home, SAFE, throw by RF to home
Pitching: RHP Sonny Friederich
Batting: RHB Luis Morales 0-0: Ball
1-0: Bunted foul
1-1: Bunted foul
1-2: Strikes out swinging
Batting: SHB Luis Serrano 0-0: Ball
1-0: Ball
2-0: Called Strike
2-1: Swinging Strike
2-2: Ball
3-2: Fly out, F8 (Flyball, 89D)
Runner from 1st tags up, SAFE at 2nd
Batting: RHB Josh Negrete 0-0: Swinging Strike
0-1: Ball
1-1: Ball
2-1: Swinging Strike
2-2: Foul Ball, location: 2F
2-2: Ball
3-2: Strikes out swinging
Bottom of the 7th over - 2 runs, 3 hits, 0 errors, 1 left on base; Veracruz 3 - Quintana Roo 4
TOP OF THE 8TH
Veracruz Rojos del Aguila batting - Pitching for Quintana Roo Tigres : RHP Mike Dalton
Pitching: RHP Sergio Salazar
Now at 2B: Juan Arciniega
Batting: RHB Mike Stewart 0-0: Ball
1-0: Called Strike
1-1: Swinging Strike
1-2: Ground out 6-3 (Groundball, 56)
Batting: RHB Juan Morales 0-0: Called Strike
0-1: Fly out, F3 (Popup, 23F)
Batting: RHB Bob Arsenault 0-0: Foul Ball, location: 2F
0-1: Ball
1-1: SOLO HOME RUN (Flyball, 89XD), Distance : 407 ft
Batting: RHB Juan Magallanes 0-0: Called Strike
0-1: SINGLE (Groundball, 4D)
Batting: LHB Kellen Walter 0-0: Ball
1-0: Ball
2-0: Fly out, F8 (Flyball, 8RD)
Top of the 8th over - 1 run, 2 hits, 0 errors, 1 left on base; Veracruz 4 - Quintana Roo 4
BOTTOM OF THE 8TH
Quintana Roo Tigres batting - Pitching for Veracruz Rojos del Aguila : RHP Sonny Friederich
Batting: LHB Eric Forrest 0-0: Called Strike
0-1: Called Strike
0-2: Ground out U3 (Groundball, 34)
Batting: LHB Cletus Goyette 0-0: Ball
1-0: Foul Ball, location: 2F
1-1: Called Strike
1-2: Ground out 1-3 (Groundball, 15S)
Batting: RHB Donte Kolawole 0-0: Ball
1-0: Ball
2-0: Fly out, F7 (Line Drive, 7D)
Bottom of the 8th over - 0 runs, 0 hits, 0 errors, 0 left on base; Veracruz 4 - Quintana Roo 4
TOP OF THE 9TH
Veracruz Rojos del Aguila batting - Pitching for Quintana Roo Tigres : RHP Sergio Salazar
Pitching: LHP Tim Moser
Batting: RHB Jeff Lyons 0-0: Ball
1-0: Called Strike
1-1: Ball
2-1: Fly out, F7 (Flyball, 7)
Batting: RHB Juan Ventura 0-0: Ball
1-0: Ball
2-0: Ball
3-0: Base on Balls
Batting: LHB Bobby Kingwood 0-0: Called Strike
0-1: Ball
1-1: Foul Ball, location: 2F
1-2: Ball
2-2: Grounds into double play, 6-4-3 (Groundball, 6)
Top of the 9th over - 0 runs, 0 hits, 0 errors, 0 left on base; Veracruz 4 - Quintana Roo 4
BOTTOM OF THE 9TH
Quintana Roo Tigres batting - Pitching for Veracruz Rojos del Aguila : RHP Sonny Friederich
Pitching: RHP Zaire Simuel
Batting: LHB Danny Helfrich 0-0: Called Strike
0-1: Foul Ball, location: 2F
0-2: Ball
1-2: Foul Ball, location: 2F
1-2: Ball
2-2: Ball
3-2: Foul Ball, location: 2F
3-2: Strikes out looking
Batting: RHB Juan Cortina 0-0: Foul Ball, location: 2F
0-1: Ball
1-1: Ball
2-1: Ball
3-1: Ground out 5-3 (Groundball, 5L)
Batting: LHB Humberto Laureano 0-0: Ground out 6-3 (Groundball, 6M)
Bottom of the 9th over - 0 runs, 0 hits, 0 errors, 0 left on base; Veracruz 4 - Quintana Roo 4
TOP OF THE 10TH
Veracruz Rojos del Aguila batting - Pitching for Quintana Roo Tigres : LHP Tim Moser
Batting: LHB Mike Barber 0-0: Called Strike
0-1: Foul Ball, location: 2F
0-2: Strikes out swinging
Batting: RHB Mike Stewart 0-0: Called Strike
0-1: Ground out 5-3 (Groundball, 56S)
Batting: RHB Juan Morales 0-0: Ball
1-0: Called Strike
1-1: Ground out 1-3 (Groundball, 15)
Top of the 10th over - 0 runs, 0 hits, 0 errors, 0 left on base; Veracruz 4 - Quintana Roo 4
BOTTOM OF THE 10TH
Quintana Roo Tigres batting - Pitching for Veracruz Rojos del Aguila : RHP Zaire Simuel
Batting: RHB Luis Morales 0-0: Called Strike
0-1: Swinging Strike
0-2: Strikes out swinging
Batting: SHB Luis Serrano 0-0: Ball
1-0: SINGLE (Groundball, 34D) (infield hit)
Pinch Hitting: LHB Eric Portilla 0-0: Called Strike
0-1: Foul Ball, location: 2F
0-2: SINGLE (Flyball, 9)
Luis Serrano to second
Batting: LHB Eric Forrest 0-0: Ball
1-0: Called Strike
1-1: Reached via error on a dropped throw from P, E6 (Groundball, 34S)
Luis Serrano to third
Eric Portilla to second
Batting: LHB Cletus Goyette 0-0: Ball
1-0: Called Strike
1-1: Called Strike
1-2: Ball
2-2: Strikes out looking
Batting: RHB Donte Kolawole 0-0: Called Strike
0-1: SINGLE (Line Drive, 34D)
Luis Serrano scores
Tuesday, March 5th, 2019 - OOTP Baseball 19.14 Build 136